[Event "EYTCC U18 Girls 2018"]
[Site "Bad Blankeburg"]
[Date "2018.07.12"]
[Round "1"]
[White "Sieber, Fiona"]
[Black "Muetsch, Annmarie"]
[Result "1-0"]
[ECO "C63"]
[WhiteElo "2283"]
[BlackElo "2146"]
[Annotator "NA"]
[PlyCount "43"]
[EventDate "2018.07.12"]
[EventType "swiss"]
[EventCountry "GER"]
[SourceTitle "playchess.com"]
[Source "ChessBase"]
[SourceQuality "1"]
[TimeControl "40/5400+30:1800+30"]

1. e4 e5 2. Nf3 Nc6 3. Bb5 f5 4. Nc3 fxe4 5. Nxe4 Be7 6. d4 exd4 7. Nxd4 Nf6 8. Nxc6 dxc6 9. Nxf6+ Bxf6 10. Qxd8+ Bxd8 11. Bc4 Bf5 12. O-O Bxc2 13. Re1+ Kf8 14. Bf4 h5 15. Re2 Bf5 16. Rae1 Bd7 17. Re3 Rc8 18. Ra3 a6 19. Be3 b6 20. Rxa6 Bf6 21. Ra7 Bd8 22. Bxb6 1-0

[Event "EYTCC U18 Girls 2018"]
[Site "Bad Blankeburg"]
[Date "2018.07.12"]
[Round "1"]
[White "Sieber, Fiona"]
[Black "Muetsch, Annmarie"]
[Result "*"]
[ECO "C50"]
[WhiteElo "2283"]
[BlackElo "2146"]
[Annotator "NA"]
[PlyCount "38"]
[EventDate "2018.07.12"]
[EventType "swiss"]
[EventCountry "GER"]
[SourceTitle "playchess.com"]
[Source "ChessBase"]
[SourceQuality "1"]
[TimeControl "40/5400+30:1800+30"]

1. e4 e5 2. Nf3 Nc6 3. Bc4 Bc5 4. O-O Nf6 5. d3 O-O 6. h3 h6 7. a4 a6 8. Re1 Re8 9. c3 Ba7 10. Nbd2 d6 11. b4 Qe7 12. Qc2 Nh5 13. Nf1 Qf6 14. Qe2 Ne7 15. Be3 c6 16. Bxa7 Rxa7 17. Qe3 Ra8 18. d4 Ng6 19. Ng3 Nhf4 *

[Event "EYTCC U18 Girls 2018"]
[Site "Bad Blankeburg"]
[Date "2018.07.12"]
[Round "1"]
[White "Gajcin, Marina"]
[Black "Blazeka, Mihaela"]
[Result "1-0"]
[ECO "C50"]
[WhiteElo "2269"]
[BlackElo "2054"]
[Annotator "NA"]
[PlyCount "79"]
[EventDate "2018.07.12"]
[EventType "swiss"]
[EventCountry "GER"]
[SourceTitle "playchess.com"]
[Source "ChessBase"]
[SourceQuality "1"]
[TimeControl "40/5400+30:1800+30"]

1. e4 e5 2. Nf3 Nc6 3. Bc4 Bc5 4. O-O Nf6 5. d3 O-O 6. h3 h6 7. a4 a6 8. Re1 Re8 9. c3 Ba7 10. Nbd2 d6 11. b4 Qe7 12. Qc2 Nh5 13. Nf1 Qf6 14. Qe2 Ne7 15. Be3 c6 16. Bxa7 Rxa7 17. Qe3 Ra8 18. d4 Ng6 19. Ng3 Nhf4 20. Rad1 h5 21. dxe5 Nxe5 22. Nxe5 Rxe5 23. Bf1 Rg5 24. Qd4 Qxd4 25. Rxd4 h4 26. e5 dxe5 27. Rd8+ Kh7 28. Ne4 Rg6 29. Kh2 Ne6 30. Re8 Nc7 31. Rxe5 Be6 32. Nc5 Rf6 33. Nxb7 Rxf2 34. Rh5+ Kg8 35. Rxh4 Nd5 36. Nc5 Nxc3 37. Nxe6 fxe6 38. Bc4 Nd5 39. Rxe6 Rf6 40. Rxc6 1-0

[Event "EYTCC U18 Girls 2018"]
[Site "Bad Blankeburg"]
[Date "2018.07.12"]
[Round "1"]
[White "Kiolbasa, Oliwia"]
[Black "Vlkova, Anezka"]
[Result "1-0"]
[ECO "B76"]
[WhiteElo "2189"]
[BlackElo "1889"]
[Annotator "NA"]
[PlyCount "47"]
[EventDate "2018.07.12"]
[EventType "swiss"]
[EventCountry "GER"]
[SourceTitle "playchess.com"]
[Source "ChessBase"]
[SourceQuality "1"]
[TimeControl "40/5400+30:1800+30"]

1. e4 c5 2. Nf3 d6 3. d4 cxd4 4. Nxd4 Nf6 5. Nc3 g6 6. Be3 Bg7 7. f3 O-O 8. Qd2 Nc6 9. O-O-O Nxd4 10. Bxd4 Be6 11. Kb1 Qc7 12. h4 Rfc8 13. h5 Qa5 14. hxg6 hxg6 15. a3 Rab8 16. Bd3 b5 17. Qg5 d5 18. Nxd5 Bxd5 19. exd5 b4 20. Bxg6 fxg6 21. Qxg6 Rb7 22. Rh7 e5 23. Rdh1 Kf8 24. Rh8+ 1-0

[Event "EYTCC U18 Girls 2018"]
[Site "Bad Blankeburg"]
[Date "2018.07.12"]
[Round "1"]
[White "Egyed, Judit"]
[Black "Lehaci, Miruna Daria"]
[Result "*"]
[ECO "E20"]
[WhiteElo "2171"]
[BlackElo "2015"]
[Annotator "NA"]
[PlyCount "61"]
[EventDate "2018.07.12"]
[EventType "swiss"]
[EventCountry "GER"]
[SourceTitle "playchess.com"]
[Source "ChessBase"]
[SourceQuality "1"]
[TimeControl "40/5400+30:1800+30"]

1. d4 Nf6 2. c4 e6 3. Nc3 Bb4 4. f3 d5 5. a3 Be7 6. e4 dxe4 7. fxe4 c5 8. d5 exd5 9. cxd5 Bd6 10. Nf3 Nbd7 11. Bd3 O-O 12. O-O Ng4 13. h3 Nge5 14. Nxe5 Nxe5 15. Bc2 Ng6 16. Ne2 Qc7 17. Bd2 Bd7 18. Rc1 Rae8 19. Kh1 Qb6 20. b4 Bb5 21. bxc5 Bxc5 22. Rb1 Qa6 23. Rxb5 Qxb5 24. Ba4 Qc4 25. Bxe8 Rxe8 26. Ng3 Bxa3 27. Qf3 Qa4 28. Qxf7+ Kh8 29. Bc3 Rg8 30. Nf5 Bf8 31. Nh6 *

[Event "EYTCC U18 Girls 2018"]
[Site "Bad Blankeburg"]
[Date "2018.07.12"]
[Round "1"]
[White "Cvitan, Ena"]
[Black "Injac, Teodora"]
[Result "1-0"]
[ECO "E90"]
[WhiteElo "2125"]
[BlackElo "2302"]
[Annotator "NA"]
[PlyCount "79"]
[EventDate "2018.07.12"]
[EventType "swiss"]
[EventCountry "GER"]
[SourceTitle "playchess.com"]
[Source "ChessBase"]
[SourceQuality "1"]
[TimeControl "40/5400+30:1800+30"]

1. d4 Nf6 2. c4 g6 3. Nc3 Bg7 4. e4 d6 5. Nf3 O-O 6. h3 Na6 7. Be3 c5 8. d5 e6 9. Bd3 exd5 10. cxd5 b5 11. Bxb5 Nxe4 12. O-O Nxc3 13. bxc3 Nc7 14. Bc6 Ba6 15. Re1 Bxc3 16. Bh6 Rb8 17. Rc1 Bg7 18. Bg5 f6 19. Bf4 Rb6 20. Bd2 Bb7 21. Ba5 Ra6 22. Qd2 Bxc6 23. dxc6 Kh8 24. Re2 Qc8 25. Re7 Rxc6 26. Nd4 Nd5 27. Nxc6 Qxc6 28. Rxa7 g5 29. g3 Re8 30. Rd1 Re5 31. Qb2 h6 32. Qb8+ Re8 33. Qb7 Qxb7 34. Rxb7 Re5 35. a4 c4 36. Rb5 c3 37. Rdxd5 c2 38. Bd2 Re1+ 39. Kg2 Rd1 40. Rb8+ 1-0

[Event "EYTCC U18 Girls 2018"]
[Site "Bad Blankeburg"]
[Date "2018.07.12"]
[Round "1"]
[White "Pribylova, Sofie"]
[Black "Antolak, Julia"]
[Result "0-1"]
[ECO "A45"]
[WhiteElo "1931"]
[BlackElo "2282"]
[Annotator "NA"]
[PlyCount "62"]
[EventDate "2018.07.12"]
[EventType "swiss"]
[EventCountry "GER"]
[SourceTitle "playchess.com"]
[Source "ChessBase"]
[SourceQuality "1"]
[TimeControl "40/5400+30:1800+30"]

1. d4 Nf6 2. Bf4 e6 3. e3 d5 4. Nf3 Bd6 5. Bg3 O-O 6. Bd3 c5 7. c3 Qc7 8. Ne5 Nbd7 9. f4 c4 10. Bc2 b5 11. a3 Ne4 12. Nd2 Bb7 13. O-O f6 14. Nxd7 Qxd7 15. Nf3 a5 16. Qe2 Qe7 17. Bh4 Qc7 18. g4 e5 19. fxe5 fxe5 20. Bxe4 dxe4 21. Nxe5 Bxe5 22. dxe5 Qxe5 23. Rxf8+ Rxf8 24. a4 h6 25. Rd1 Rf3 26. axb5 Qxb5 27. Rd4 Kh7 28. Qxc4 Qxb2 29. Rd8 Qb6 30. Qg8+ Kg6 31. Rd4 Qb1+ 0-1

[Event "EYTCC U18 Girls 2018"]
[Site "Bad Blankeburg"]
[Date "2018.07.12"]
[Round "1"]
[White "Katkov, Michelle"]
[Black "Rozman, Monika"]
[Result "*"]
[ECO "A45"]
[WhiteElo "1885"]
[BlackElo "2125"]
[Annotator "NA"]
[PlyCount "48"]
[EventDate "2018.07.12"]
[EventType "swiss"]
[EventCountry "GER"]
[SourceTitle "playchess.com"]
[Source "ChessBase"]
[SourceQuality "1"]
[TimeControl "40/5400+30:1800+30"]

1. d4 Nf6 2. Bf4 e6 3. e3 d5 4. Nf3 Bd6 5. Bg3 O-O 6. Bd3 c5 7. c3 Qc7 8. Ne5 Nbd7 9. f4 c4 10. Bc2 b5 11. a3 $15 Ne4 12. Nd2 Bb7 13. O-O f6 14. Nxd7 Qxd7 15. Nf3 a5 16. Qe2 Qe7 17. Bh4 Qc7 18. g4 e5 19. fxe5 fxe5 20. Bxe4 dxe4 21. Nxe5 Bxe5 22. dxe5 Qxe5 23. Rxf8+ Rxf8 24. a4 h6 *

[Event "EYTCC U18 Girls 2018"]
[Site "Bad Blankeburg"]
[Date "2018.07.13"]
[Round "2"]
[White "Antolak, Julia"]
[Black "Schulze, Lara"]
[Result "1/2-1/2"]
[ECO "C07"]
[WhiteElo "2282"]
[BlackElo "2187"]
[Annotator "NA"]
[PlyCount "161"]
[EventDate "2018.07.12"]
[EventType "swiss"]
[EventCountry "GER"]
[SourceTitle "playchess.com"]
[Source "ChessBase"]
[SourceQuality "1"]
[TimeControl "40/5400+30:1800+30"]

1. e4 e6 2. d4 d5 3. Nd2 c5 4. exd5 Qxd5 5. Ngf3 cxd4 6. Bc4 Qd6 7. O-O Nf6 8. Nb3 Nc6 9. Nbxd4 Nxd4 10. Nxd4 a6 11. Re1 Qc7 12. Bf1 Be7 13. c3 O-O 14. Qf3 Re8 15. Bg5 Nd5 $11 16. Bd2 Bd6 17. h3 Bd7 18. Re4 Ne7 19. Qh5 Ng6 20. Bd3 f5 21. Ree1 Nf4 22. Bxf4 Bxf4 23. Qf3 g6 24. Bc4 Bh2+ 25. Kh1 Qxc4 26. Kxh2 Qc7+ 27. Kg1 Kg7 28. Rad1 e5 29. Nb3 Bc6 30. Qe3 Rad8 31. Qc5 Rxd1 32. Rxd1 Qe7 33. Qc4 Qg5 34. Qf1 Rd8 35. Rxd8 Qxd8 36. Qe2 Qd5 37. f3 e4 38. Nd4 Qxa2 39. Nxc6 bxc6 40. fxe4 Qb1+ 41. Kf2 fxe4 42. Ke3 Kf6 43. Qxa6 Qg1+ 44. Kxe4 Qxg2+ 45. Kd4 Qf2+ 46. Ke4 Qh4+ 47. Ke3 Qxh3+ 48. Kd4 Qd7+ 49. Ke3 Qe6+ 50. Kf2 h5 51. Qa8 Kg5 52. Qb8 h4 53. b4 Qf6+ 54. Kg2 Qxc3 55. Qd8+ Kh5 56. Qe7 Qd2+ 57. Kh3 Qd3+ 58. Kg2 Qg3+ 59. Kh1 Qf3+ 60. Kh2 Kg4 61. Qe6+ Kg5 62. Qe7+ Qf6 63. Qc5+ Kh6 64. b5 Qb2+ 65. Kh3 cxb5 66. Qe3+ g5 67. Qe6+ Kg7 68. Qe7+ Kg6 69. Qxg5+ Kf7 70. Qf5+ Ke7 71. Qh7+ Kd6 72. Qg6+ Kc5 73. Qg5+ Kb4 74. Qe7+ Kb3 75. Qe6+ Kc2 76. Qe4+ Kc3 77. Qe5+ Kc2 78. Qe4+ Kd2 79. Qf4+ Ke1 80. Qxh4+ Qf2 81. Qb4+ 1/2-1/2

[Event "EYTCC U18 Girls 2018"]
[Site "Bad Blankeburg"]
[Date "2018.07.13"]
[Round "2"]
[White "Schneider, Jana"]
[Black "Hercog, Nusa"]
[Result "1-0"]
[ECO "B12"]
[WhiteElo "2234"]
[BlackElo "2011"]
[Annotator "NA"]
[PlyCount "80"]
[EventDate "2018.07.12"]
[EventType "swiss"]
[EventCountry "GER"]
[SourceTitle "playchess.com"]
[Source "ChessBase"]
[SourceQuality "1"]
[TimeControl "40/5400+30:1800+30"]

1. e4 c6 2. d4 d5 3. e5 Bf5 4. h4 h6 5. Ne2 e6 6. Ng3 Bg6 7. h5 Bh7 8. Bd3 Bxd3 9. Qxd3 Qb6 10. Rh4 $15 c5 11. c3 Nc6 12. Rf4 cxd4 13. cxd4 Be7 14. Nc3 Nb4 15. Qe2 Bg5 16. Rf3 Bxc1 17. Rxc1 a6 18. Rf4 Ne7 19. Qf3 O-O 20. Nge2 Nf5 21. g4 Nh4 22. Qg3 Ng2+ 23. Qxg2 Nd3+ 24. Kf1 Nxf4 25. Nxf4 Qxd4 26. Qg3 Qxe5 27. Re1 Qf6 28. Nd3 Rac8 29. Ne5 Rfd8 30. Kg1 Qe7 31. Nd3 b5 32. a3 Rc4 33. f4 Kh8 34. f5 Qa7+ 35. Kh1 d4 36. Ne4 Qb7 37. fxe6 fxe6 38. g5 Qd5 39. Ne5 Rcc8 40. gxh6 Rg8 1-0

[Event "EYTCC U18 Girls 2018"]
[Site "Bad Blankeburg"]
[Date "2018.07.13"]
[Round "2"]
[White "Urh, Zala"]
[Black "Sieber, Fiona"]
[Result "0-1"]
[ECO "D97"]
[WhiteElo "2216"]
[BlackElo "2283"]
[Annotator "NA"]
[PlyCount "78"]
[EventDate "2018.07.12"]
[EventType "swiss"]
[EventCountry "GER"]
[SourceTitle "playchess.com"]
[Source "ChessBase"]
[SourceQuality "1"]
[TimeControl "40/5400+30:1800+30"]

1. d4 Nf6 2. c4 g6 3. Nc3 d5 4. Nf3 Bg7 5. Qb3 dxc4 6. Qxc4 O-O 7. e4 a6 8. Be2 b5 9. Qb3 c5 10. dxc5 Be6 11. Qc2 {[%emt 0:00:37] D97: Grünfeld: Russian System: 7 e4, replies other than 7...Bg4} Nbd7 12. Be3 Rc8 13. Rd1 b4 14. Nd5 Bxd5 15. exd5 Nxc5 16. O-O Qd6 (16... Nce4 17. Qd3 Qd6 18. Qxa6 Rc2 {½-½ (67) Giri,A (2755)-Nepomniachtchi,I (2740) Moscow 2016}) 17. Rc1 Qb8 18. Rfd1 a5 19. Bc4 $146 a4 20. Qe2 $1 Nce4 21. Nd4 $16 a3 22. bxa3 Nc3 23. Rxc3 bxc3 24. Nc6 Qd6 25. Bd4 c2 26. Qxc2 Ng4 27. h3 Qh2+ 28. Kf1 Bxd4 29. Rxd4 Nf6 30. Nxe7+ Kg7 31. d6 Rcd8 32. Qd3 Qh1+ 33. Ke2 Qxg2 34. Qe3 Qh2 35. Qg5 Rfe8 36. Qd2 Qxh3 37. Kd1 Qh5+ 38. Kc2 Qc5 39. Kc3 Rxd6 0-1

[Event "EYTCC U18 Girls 2018"]
[Site "Bad Blankeburg"]
[Date "2018.07.13"]
[Round "2"]
[White "Rozman, Monika"]
[Black "Sahin, Hayrun Nisa"]
[Result "1/2-1/2"]
[ECO "B75"]
[WhiteElo "2125"]
[BlackElo "1736"]
[Annotator "NA"]
[PlyCount "107"]
[EventDate "2018.07.12"]
[EventType "swiss"]
[EventCountry "GER"]
[SourceTitle "playchess.com"]
[Source "ChessBase"]
[SourceQuality "1"]
[TimeControl "40/5400+30:1800+30"]

1. e4 c5 2. Nf3 d6 3. d4 cxd4 4. Nxd4 Nf6 5. Nc3 g6 6. Be3 Bg7 7. f3 a6 8. Qd2 h5 9. O-O-O b5 10. Nd5 Nxd5 11. exd5 Bb7 12. f4 Nd7 13. f5 gxf5 14. Nxf5 Bf6 15. Qf2 Qc7 16. Rg1 Rc8 17. Kb1 Be5 18. Bd4 Bxd4 19. Rxd4 Nf6 20. Bd3 Bxd5 21. Rxd5 Nxd5 22. Ng7+ Kd7 23. Qxf7 Qc5 24. Rd1 Ne3 25. Re1 Qd5 26. Qf2 Qxg2 27. Bf5+ Kc6 28. Qxe3 Qxg7 29. Qe4+ Kc7 30. Bxc8 Rxc8 31. Qxe7+ Qxe7 32. Rxe7+ Kc6 33. Rh7 Rf8 34. a3 Rf5 35. b4 Kd5 36. Rh6 Ke5 37. Kb2 Kd5 38. Ka2 Ke5 39. Kb2 Kd5 40. Rh8 Kc6 41. Rh7 Kb6 42. Rh6 Kc6 43. h4 Kd5 44. Kb3 Ke5 45. a4 Rf3+ 46. c3 bxa4+ 47. Kxa4 Rxc3 48. Rxh5+ Ke4 49. Rh8 Rh3 50. h5 d5 51. h6 d4 52. h7 Kd3 53. Ka5 Rh6 54. b5 1/2-1/2

[Event "EYTCC U18 Girls 2018"]
[Site "Bad Blankeburg"]
[Date "2018.07.13"]
[Round "2"]
[White "Rogozenco, Teodora"]
[Black "Kiolbasa, Oliwia"]
[Result "0-1"]
[ECO "A50"]
[WhiteElo "2047"]
[BlackElo "2189"]
[Annotator "NA"]
[PlyCount "96"]
[EventDate "2018.07.12"]
[EventType "swiss"]
[EventCountry "GER"]
[SourceTitle "playchess.com"]
[Source "ChessBase"]
[SourceQuality "1"]
[TimeControl "40/5400+30:1800+30"]

1. d4 Nf6 2. c4 b6 3. Nc3 Bb7 4. Qc2 d5 5. cxd5 Nxd5 6. e4 Nxc3 7. bxc3 e6 8. Nf3 Be7 9. Bc4 c5 10. O-O cxd4 11. cxd4 O-O 12. Rd1 Qc7 13. Qe2 Nd7 $11 14. Bd3 Rac8 15. Bd2 Ba3 16. Rab1 h6 17. Rb3 Be7 18. a4 e5 19. Rc3 Qb8 20. Bb5 Rxc3 21. Bxc3 Nf6 22. Nxe5 Nxe4 23. Bb2 Bd6 24. Bc4 Qd8 25. Qg4 Nf6 26. Qf5 Bc8 27. Qb1 Bb7 28. Bb3 Bd5 29. Qa2 Bb8 30. Ba3 Bxb3 31. Qxb3 Bd6 32. Bb2 Qc7 33. Rc1 Qb7 34. Nc6 Bf4 35. Rc2 Re8 36. g3 Bd6 37. d5 Ne4 38. Re2 Qd7 39. Qd1 Bc5 40. Kg2 Nd6 41. Qe1 Rxe2 42. Qxe2 Ne8 43. Qe5 Nf6 44. Kg1 Bxf2+ 45. Kf1 Bc5 46. Kg2 a5 47. Bd4 Bxd4 48. Qxd4 Qxd5+ 0-1

[Event "EYTCC U18 Girls 2018"]
[Site "Bad Blankeburg"]
[Date "2018.07.13"]
[Round "2"]
[White "Aydin, Gulenay"]
[Black "Hrescak, Ivana"]
[Result "0-1"]
[ECO "B90"]
[WhiteElo "1732"]
[BlackElo "2129"]
[Annotator "NA"]
[PlyCount "108"]
[EventDate "2018.07.12"]
[EventType "swiss"]
[EventCountry "GER"]
[SourceTitle "playchess.com"]
[Source "ChessBase"]
[SourceQuality "1"]
[TimeControl "40/5400+30:1800+30"]

1. e4 c5 2. Nf3 d6 3. d4 cxd4 4. Nxd4 Nf6 5. Nc3 a6 6. f3 e5 7. Nb3 Be6 8. Be3 Be7 9. Qd2 Nbd7 10. g4 h6 11. O-O-O b5 12. Kb1 Nb6 13. Qf2 Nfd7 {[%emt 0:01:50] B90: Sicilian Najdorf: Unusual White 6th moves, 6 Be3 Ng4 and 6 Be3 e5} 14. h4 Nc4 15. Bxc4 bxc4 16. Nc1 Rb8 {[%emt 0:02:57] [#]} 17. g5 $146 ({Predecessor:} 17. N1e2 Qa5 18. Ka1 Nc5 19. Bxc5 Qxc5 20. Qxc5 dxc5 21. Nd5 Rb7 {½-½ (44) Finocchiaro,F (2621)-Clever,H (2520) ICCF email 2013}) 17... h5 18. f4 Qa5 {[%emt 0:12:34] [#]} 19. N1e2 $14 Qb4 20. Bc1 exf4 21. Ka1 f3 22. Nd4 Ne5 23. Rhf1 O-O 24. Nf5 Rfe8 25. Qd2 Bf8 26. Rde1 g6 27. Ne3 Bg7 28. a3 Qa5 29. Ned5 Bxd5 30. Nxd5 Qxd2 31. Bxd2 f2 32. Re2 Ng4 33. c3 Be5 34. Be3 Bg3 35. Bxf2 Bxf2 36. Rexf2 Nxf2 37. Nf6+ Kg7 38. Rxf2 Re6 39. Rd2 Rb6 40. Rd4 Rc6 41. Ka2 Rxf6 42. gxf6+ Kxf6 43. Rd5 Ke6 44. Ra5 f5 45. exf5+ gxf5 46. Kb1 d5 47. Kc2 f4 48. Kd2 Ke5 49. Ke2 Ke4 50. Ra4 f3+ 51. Kf2 Rg6 52. b3 Rg2+ 53. Kf1 Ke3 54. bxc4 Ra2 0-1

[Event "EYTCC U18 Girls 2018"]
[Site "Bad Blankeburg"]
[Date "2018.07.14"]
[Round "3"]
[White "Sieber, Fiona"]
[Black "Lehaci, Miruna Daria"]
[Result "1-0"]
[ECO "C05"]
[WhiteElo "2283"]
[BlackElo "2015"]
[Annotator "NA"]
[PlyCount "97"]
[EventDate "2018.07.12"]
[EventType "swiss"]
[EventCountry "GER"]
[SourceTitle "playchess.com"]
[Source "ChessBase"]
[SourceQuality "1"]
[TimeControl "40/5400+30:1800+30"]

1. e4 e6 2. d4 d5 3. Nd2 Nf6 4. e5 Nfd7 5. Bd3 b6 6. c3 Ba6 7. Bxa6 Nxa6 8. Nh3 c5 9. O-O Qc7 10. Qe2 Nab8 11. Qg4 Nc6 12. Nf3 h6 13. Nf4 O-O-O 14. h4 g6 $14 15. Bd2 Kb8 16. Rfe1 cxd4 17. cxd4 Be7 18. Ne2 Qb7 19. Rec1 Rc8 20. Rc3 Qa6 21. Nf4 Rc7 22. Nxe6 fxe6 23. Qxe6 Qb7 24. Rac1 Rhc8 25. Rxc6 Rxc6 26. Rxc6 Qxc6 27. Qxe7 Nf8 28. Bxh6 Ne6 29. Be3 Rc7 30. Qf6 Qe8 31. Ne1 Rc6 32. Qf3 Nc7 33. Nd3 Rc2 34. Qd1 Rc6 35. Nf4 Kb7 36. Qf3 Qf7 37. b4 a6 38. a4 Qf5 39. g4 Qb1+ 40. Kh2 Qxb4 41. Nxd5 Nxd5 42. Qxd5 Qxa4 43. Qd7+ Ka8 44. e6 Qc4 45. e7 Rc8 46. e8=Q Rxe8 47. Qxe8+ Kb7 48. Qd7+ Ka8 49. d5 1-0

[Event "EYTCC U18 Girls 2018"]
[Site "Bad Blankeburg"]
[Date "2018.07.14"]
[Round "3"]
[White "Kiolbasa, Oliwia"]
[Black "Hrescak, Ivana"]
[Result "1-0"]
[ECO "B90"]
[WhiteElo "2189"]
[BlackElo "2129"]
[Annotator "NA"]
[PlyCount "71"]
[EventDate "2018.07.12"]
[EventType "swiss"]
[EventCountry "GER"]
[SourceTitle "playchess.com"]
[Source "ChessBase"]
[SourceQuality "1"]
[TimeControl "40/5400+30:1800+30"]

1. e4 c5 2. Nf3 d6 3. d4 cxd4 4. Nxd4 Nf6 5. Nc3 a6 6. Be3 e5 7. Nb3 Be6 8. Qd2 Be7 9. f4 Qc7 10. O-O-O Nbd7 11. h3 b5 12. f5 Bc4 13. g4 h6 14. Kb1 Nb6 (14... b4 $15 15. Bxc4 Qxc4) 15. Qf2 ({Lieber} 15. Bxb6 $16 Qxb6 16. Bxc4 bxc4 17. Nd5 Nxd5 18. Qxd5) 15... Rb8 $14 16. Bg2 b4 17. Nd5 Nfxd5 18. exd5 a5 19. Nxa5 Bxa2+ 20. Kxa2 Qa7 21. Bxb6 Rxb6 22. Kb3 Qxa5 23. Ra1 Qb5 24. Rhd1 Bd8 25. f6 gxf6 26. Bf1 Qd7 27. Ra8 Qc7 28. Qxf6 O-O 29. Qxh6 f6 30. Bd3 Qg7 31. Qxg7+ Kxg7 32. Rda1 Rb7 33. R1a7 Rxa7 34. Rxa7+ Kh6 35. h4 f5 36. Bxf5 1-0

[Event "EYTCC U18 Girls 2018"]
[Site "Bad Blankeburg"]
[Date "2018.07.14"]
[Round "3"]
[White "Egyed, Judit"]
[Black "Urh, Zala"]
[Result "0-1"]
[ECO "C67"]
[WhiteElo "2171"]
[BlackElo "2216"]
[Annotator "NA"]
[PlyCount "102"]
[EventDate "2018.07.12"]
[EventType "swiss"]
[EventCountry "GER"]
[SourceTitle "playchess.com"]
[Source "ChessBase"]
[SourceQuality "1"]
[TimeControl "40/5400+30:1800+30"]

1. e4 e5 2. Nf3 Nc6 3. Bb5 Nf6 4. O-O Nxe4 5. d3 Nd6 6. Bxc6 dxc6 7. Nxe5 Be7 8. Nd2 O-O 9. b3 Bf6 10. Bb2 Re8 11. Re1 Nf5 12. Ndf3 c5 13. Nc4 Nd4 14. Nxd4 cxd4 15. Qf3 Rxe1+ 16. Rxe1 Rb8 17. Ne5 Be6 18. Ng4 Be7 19. c4 c5 20. Qe2 Bd6 21. g3 a6 22. f4 b5 23. Nf2 bxc4 24. bxc4 Qa5 25. Bc1 Bf8 26. Ne4 h6 27. Rf1 Bh3 28. Rd1 Bf5 29. g4 Bxe4 30. dxe4 Qc3 31. Bd2 Qc2 32. e5 d3 33. Qf3 Qxc4 34. Rc1 Qxa2 35. Qxd3 Rb2 36. Rd1 c4 37. Qd5 Rb5 38. Qd8 Qc2 39. Be3 Qe2 40. Bf2 Rb2 41. Rf1 Qxg4+ 42. Bg3 Qe2 43. Bf2 c3 44. Qd4 Rb3 45. Re1 Qg4+ 46. Kh1 Qf3+ 47. Kg1 c2 48. Qd2 Rc3 49. Rc1 Qc6 50. Bd4 Rc4 51. Qd3 Rxd4 0-1

[Event "EYTCC U18 Girls 2018"]
[Site "Bad Blankeburg"]
[Date "2018.07.14"]
[Round "3"]
[White "Rozman, Monika"]
[Black "Antolak, Julia"]
[Result "0-1"]
[ECO "D85"]
[WhiteElo "2125"]
[BlackElo "2282"]
[Annotator "NA"]
[PlyCount "60"]
[EventDate "2018.07.12"]
[EventType "swiss"]
[EventCountry "GER"]
[SourceTitle "playchess.com"]
[Source "ChessBase"]
[SourceQuality "1"]
[TimeControl "40/5400+30:1800+30"]

1. d4 Nf6 2. c4 g6 3. Nf3 Bg7 4. Nc3 d5 5. cxd5 Nxd5 6. e4 Nxc3 7. bxc3 c5 8. Rb1 O-O 9. Be2 Nc6 10. d5 Ne5 11. Nxe5 Bxe5 12. Qd2 e6 13. f4 Bg7 14. c4 exd5 {[%emt 0:02:02] LiveBook: 30 Games} 15. cxd5 Re8 16. e5 Bf5 $16 (16... Qh4+ $142 17. g3 Qh3) 17. Rxb7 Bh6 18. Bb2 Be4 19. Bc4 Qh4+ 20. Qf2 Qxf4 21. Qxf4 Bxf4 22. O-O g5 23. e6 Reb8 24. Rxb8+ Rxb8 25. Bc1 Bxc1 26. Rxc1 fxe6 27. dxe6 Kg7 28. Bb3 Rc8 29. Bc4 Bg6 30. Rb1 Bxb1 0-1

[Event "EYTCC U18 Girls 2018"]
[Site "Bad Blankeburg"]
[Date "2018.07.14"]
[Round "3"]
[White "Hercog, Nusa"]
[Black "Kovacs, Judit"]
[Result "1/2-1/2"]
[ECO "D70"]
[WhiteElo "2011"]
[BlackElo "2143"]
[Annotator "NA"]
[PlyCount "116"]
[EventDate "2018.07.12"]
[EventType "swiss"]
[EventCountry "GER"]
[SourceTitle "playchess.com"]
[Source "ChessBase"]
[SourceQuality "1"]
[TimeControl "40/5400+30:1800+30"]

1. d4 Nf6 2. c4 g6 3. f3 d5 4. cxd5 Nxd5 5. e4 Nb6 6. Nc3 Bg7 7. Be3 O-O 8. Qd2 Nc6 9. O-O-O f5 10. e5 Nb4 11. Nh3 Be6 12. Kb1 Qd7 13. Nf4 Bf7 14. h4 Rfd8 15. Be2 a5 16. g4 fxg4 17. fxg4 Nc4 18. Bxc4 Bxc4 19. Qg2 Rf8 20. h5 g5 21. h6 Bh8 22. Nh3 Nd5 23. Nxg5 e6 24. Qd2 c5 25. Nxd5 Qxd5 26. Qc2 Bxa2+ 27. Ka1 Rf7 28. dxc5 Qb3 29. Qxb3 Bxb3 30. Nxf7 Bxd1 31. Rxd1 Kxf7 32. Rd7+ Kg6 33. Re7 Rd8 34. Rxe6+ Kf7 35. Rd6 Re8 36. Rd7+ Kg6 37. Rd6+ Kf7 38. Rd7+ Kg6 39. e6 Rxe6 40. Rd6 Kf7 41. Rxe6 Kxe6 42. Ka2 Kd5 43. Bd2 Bd4 44. g5 Ke6 45. Kb3 Kf5 46. Ka4 Bxb2 47. Kxa5 Bd4 48. Kb6 Kg6 49. Kb5 Bf2 50. Kc4 Bg1 51. Kd5 Bf2 52. Bf4 Bg1 53. Kc4 Bf2 54. Kb5 Bg1 55. Kb6 Bf2 56. Bd6 Kxg5 57. Bf8 Kg6 58. Kxb7 Bxc5 1/2-1/2

[Event "EYTCC U18 Girls 2018"]
[Site "Bad Blankeburg"]
[Date "2018.07.14"]
[Round "3"]
[White "Ciolacu, Alessia-Mihaela"]
[Black "Schneider, Jana"]
[Result "1-0"]
[ECO "A13"]
[WhiteElo "1938"]
[BlackElo "2234"]
[Annotator "NA"]
[PlyCount "73"]
[EventDate "2018.07.12"]
[EventType "swiss"]
[EventCountry "GER"]
[SourceTitle "playchess.com"]
[Source "ChessBase"]
[SourceQuality "1"]
[TimeControl "40/5400+30:1800+30"]

1. c4 e6 2. Nf3 Nf6 3. e3 d5 4. b3 Be7 5. Bb2 O-O 6. Be2 c5 7. cxd5 exd5 8. d4 b6 9. Nc3 Be6 10. O-O Nbd7 11. Rc1 h6 12. Ne5 Nxe5 13. dxe5 Ne8 14. Bf3 Nc7 15. Qc2 Qd7 16. Rfd1 Rad8 17. Ne2 $11 Bg5 18. b4 Na6 19. bxc5 bxc5 20. Nf4 Bxf4 21. exf4 Rc8 22. Qe2 Nb4 23. a3 Na2 24. Ra1 d4 25. Be4 Qa4 26. Bc2 Qa5 27. f5 Bd5 28. f6 g6 29. Qg4 Kh8 30. Qh4 Kh7 31. Rxa2 Rh8 32. Bc1 Kg8 33. Rb2 Qc3 34. Bxg6 fxg6 35. Qg4 Bf7 36. Qxc8+ Kh7 37. Qd7 1-0